 Dungeon Crawl Stone Soup version 0.20.1-1-g8b1a95d (webtiles) character file.

366 robertstho the Conjurer (level 6, -5/28 HPs)
             Began as a Spriggan Conjurer on Nov 29, 2017.
             Slain by Grinder (9 damage)
             ... while paralysed by Grinder
             ... on level 4 of the Dungeon.
             The game lasted 00:22:22 (4141 turns).

robertstho the Conjurer (Spriggan Conjurer)         Turns: 4141, Time: 00:22:23

Health: -5/28      AC:  2    Str:  4    XL:     6   Next: 40%
Magic:  3/13       EV:  4    Int: 18    God:
Gold:   145        SH:  0    Dex: 17    Spells: 3/14 levels left

rFire    . . .     SeeInvis +   o - +0 falchion
rCold    . . .     Gourm    .   (shield restricted)
rNeg     . . .     Faith    .   a - +0 robe
rPois    .         Spirit   .   (helmet restricted)
rElec    .         Reflect  .   (no cloak)
rCorr    .         Harm     .   (gloves unavailable)
MR       +....                  (boots unavailable)
Stlth    ++........             k - amulet of rage
Regen    0.1/turn               (no ring)
MPRegen  0.2/turn               (no ring)

@: paralysed, very slightly contaminated, very quick
A: unfitting armour, see invisible, herbivore 3, speed 3, slow metabolism 2
a: Evoke Berserk Rage


You were on level 4 of the Dungeon.
You were not hungry.

You visited 1 branch of the dungeon, and saw 4 of its levels.

You collected 145 gold pieces.

Inventory:

Hand Weapons
 f - a +0 dagger
 o - a +0 falchion (weapon)
 v - a +2 hunting sling of freezing
Missiles
 e - 12 tomahawks (quivered)
 g - 68 arrows
 u - 101 stones
Armour
 a - a +0 robe (worn)
Jewellery
 k - an amulet of rage (around neck)
Wands
 x - a wand of confusion (33/48)
Scrolls
 d - 6 scrolls of remove curse
 i - a scroll of immolation {unknown}
 l - a scroll of teleportation
 w - a scroll of magic mapping {unknown}
 y - a scroll of fog {unknown}
Potions
 h - 3 potions of haste {unknown}
 j - 2 potions of cancellation {unknown}
 p - a potion of invisibility {unknown}
 q - a potion of agility {unknown}
 r - 2 potions of brilliance {unknown}
 s - 2 potions of curing {unknown}
 t - 2 potions of heal wounds {unknown}
 z - a potion of degeneration {unknown}
 A - a potion of might {unknown}
Books
 b - a book of Conjurations

   Spells                             Type                      Level
   a - Magic Dart                     Conjuration                  1
   b - Searing Ray                    Conjuration                  2
   c - Dazzling Spray                 Conjuration/Hexes            3
   d - Fulminant Prism                Conjuration/Hexes            4
   e - Force Lance                    Conjuration/Translocation    4
   f - Iskenderun's Mystic Blast      Conjuration                  4
Comestibles
 c - 4 bread rations
 m - 3 fruits
 n - a royal jelly


   Skills:
 + Level 0.1 Fighting
 + Level 0.9(1.1) Short Blades
 + Level 0.4(0.6) Long Blades
 + Level 4.2 Dodging
 + Level 3.2 Stealth
 + Level 4.5 Spellcasting
 * Level 4.9 Conjurations


You had 3 spell levels left.
You knew the following spells:

 Your Spells              Type           Power        Failure   Level  Hunger
a - Magic Dart            Conj           ###.         1%          1    None
b - Searing Ray           Conj           ###...       2%          2    #......
c - Iskenderun's Mystic   Conj           ###.....     19%         4    ####...
d - Fulminant Prism       Conj/Hex       ##........   45%         4    ####...


Dungeon Overview and Level Annotations

Branches:
Dungeon (4/15)
 Temple: D:4-7

Altars:
Ru
Uskayaw

Annotations:
D:4 Grinder, Pikel


Innate Abilities, Weirdness & Mutations

You are very small and have problems with some larger weapons.
You are too small for most types of armour.
You have supernaturally acute eyesight. (SInv)
You are a herbivore.
You cover ground extremely quickly.
You need consume almost no food.


Message History

Confirm with . or Enter, or press ? or * to list all spells.
Aiming: Searing Ray
Press: ? - help, Shift-Dir - straight line, f/p - Grinder
Aim: Grinder (lightly wounded)
The searing ray misses Grinder. (Press . to maintain the ray.) Grinder closely misses you.
The searing ray hits Grinder.
Grinder is lightly wounded.
Grinder gestures at you.
You suddenly lose the ability to move!
Grinder says, "Mostly I couldn't keep them alive."
Grinder gestures at you. Pain shoots through your body! Grinder hits you!
* * * LOW HITPOINT WARNING * * *
You writhe in agony.
* * * LOW HITPOINT WARNING * * *
Grinder hits you!
You die...

....... #.....# .# #
######.....# .# ##
..........#####.## #.
.................# ..
..#####........... ....
...............# #.....
...####.......# ##.....
...#.(#@5.....# ##......
._.#.(#......####.......
...#..#......#..........
...####...........#.....
#.......................
##........###...........
#.......## #...#.......
#........###...#......#
#....####....###....###


You could see Grinder and 2 dancing weapons.

Vanquished Creatures
  A slave (D:3)
  An ogre (D:4)
  3 orc priests (D:3)
  An orc wizard (D:3)
  Natasha (twice) (D:4)
  4 adders (D:2)
  3 worms
  A dart slug (D:1)
  3 leopard geckos
  5 orcs (D:3)
  14 bats
  2 giant cockroaches (D:3)
  3 goblins
  9 hobgoblins
  9 jackals
  6 kobolds
  A quokka (D:2)
  2 ball pythons
  5 frilled lizards
  5 rats
80 creatures vanquished.

Notes
Turn   | Place    | Note
-------+----------+-------------------------------------------
     0 | D:1      | robertstho the Spriggan Conjurer began the quest for the Orb.
     0 | D:1      | Reached XP level 1. HP: 9/9 MP: 5/5
   168 | D:1      | Reached XP level 2. HP: 13/13 MP: 3/6
  1131 | D:1      | Learned a level 2 spell: Searing Ray
  1136 | D:1      | Reached XP level 3. HP: 16/16 MP: 2/8
  1519 | D:2      | Found a sacrificial altar of Ru.
  1679 | D:2      | Reached XP level 4. HP: 21/21 MP: 3/9
  2244 | D:3      | Reached XP level 5. HP: 9/24 MP: 2/11
  3427 | D:4      | Noticed Pikel
  3427 | D:4      | Noticed a slave
  3427 | D:4      | Noticed a slave
  3427 | D:4      | Noticed a slave
  3427 | D:4      | Noticed a slave
  3442 | D:3      | Killed a slave
  3693 | D:3      | Learned a level 4 spell: Iskenderun's Mystic Blast
  3698 | D:3      | Learned a level 4 spell: Fulminant Prism
  3748 | D:4      | Noticed a phantom
  3882 | D:4      | Noticed Natasha
  3888 | D:4      | Killed Natasha
  3937 | D:4      | Noticed Natasha
  3948 | D:4      | Killed Natasha
  3948 | D:4      | Reached XP level 6. HP: 15/28 MP: 3/13
  4108 | D:4      | Noticed a hand axe
  4109 | D:4      | Noticed a dagger
  4111 | D:4      | Found a hide-covered altar of Uskayaw.
  4117 | D:4      | Noticed Grinder
  4130 | D:4      | Paralysed by Grinder for 4 turns
  4138 | D:4      | Paralysed by Grinder for 5 turns
  4141 | D:4      | Slain by Grinder

Skill      XL: |  1  2  3  4  5  6 |
---------------+-------------------+-----
Conjurations   | 3 4 |  4.9
Spellcasting   | 3 4 |  4.5
Dodging        | 4 |  4.2
Fighting       | |  0.1
Short Blades   | |  0.9
Long Blades    | |  0.4
Stealth        | |  3.2

Action                   |  1- 3 |  4- 6 || total
-------------------------+-------+-------++-------
Melee: Dagger            |    24 |       ||    24
       Falchion          |     3 |    20 ||    23
 Cast: Magic Dart        |    74 |   116 ||   190
       Searing Ray       |     2 |    13 ||    15
  Use: Scroll            |       |     5 ||     5
 Stab: Sleeping          |       |     1 ||     1
  Eat: Royal jelly       |       |     1 ||     1
Armor: Robe              |     3 |     2 ||     5
Dodge: Dodged            |    33 |    50 ||    83
       Rpst.: Falchion   |     3 |    16 ||    19
